 Dungeon Crawl Stone Soup version 0.30-a0-29-g142975f185 (webtiles) character file.

Game seed: 4856796445182913852

65 Newt the Chucker (level 3, -5/27 HPs)
             Began as a Demonspawn Gladiator on Aug 26, 2022.
             Slain by a gnoll
             ... wielding a +0 halberd
              (10 damage)
             ... on level 2 of the Dungeon.
             The game lasted 00:03:10 (1692 turns).

Newt the Chucker (Demonspawn Gladiator)             Turns: 1692, Time: 00:03:10

Health: -5/27      AC:  4    Str: 14    XL:     3   Next: 94%
Magic:  3/3        EV: 12    Int:  9    God:
Gold:   38         SH:  4    Dex: 20    Spells: 2/2 levels left

rFire   . . .      SeeInvis .    j - +1 dagger (venom)
rCold   + . .      Faith    .    f - +0 buckler
rNeg    . . .      Spirit   .    l - +2 robe "Earthly Heaven" {rC+ Dex+4 Stlth+}
rPois   .          Reflect  .    (helmet restricted)
rElec   .          Harm     .    (no cloak)
rCorr   .          Rampage  .    (no gloves)
Will    .....                    (no boots)
Stlth   +++.......               (no amulet)
HPRegen 0.09/turn                (no ring)
MPRegen 0.08/turn                (no ring)

@: no status effects
A: horns 1
a: no special abilities


You were on level 2 of the Dungeon.
You visited 1 branch of the dungeon, and saw 2 of its levels.

You collected 76 gold pieces.
You spent 38 gold pieces at shops.

Inventory:

Hand Weapons
 a - a +0 rapier
 j - a +1 dagger of venom (weapon)
Missiles
 d - 3 throwing nets (quivered)
 e - a javelin
 h - 2 datura-tipped darts
Armour
 b - a +0 leather armour
 c - a +0 helmet
 f - a +0 buckler (worn)
 l - the +2 robe "Earthly Heaven" (worn) {rC+ Dex+4 Stlth+}
   (You found it on level 2 of the Dungeon)

   Dex:       It affects your dexterity (+4).
   rC:        It protects you from cold.
   Stlth:     It makes you more stealthy.
Scrolls
 i - 3 scrolls of identify {unknown}
 k - a scroll of fog {unknown}
Potions
 g - a potion of curing {unknown}
 m - a potion of attraction {unknown}
 n - a potion of mutation {unknown}
 o - a potion of haste {unknown}
 p - a potion of degeneration {unknown}


   Skills:
 - Level 2.0 Fighting
 - Level 2.6 Short Blades
 + Level 3.3 Throwing
 - Level 2.6 Dodging
 - Level 2.0 Stealth


You had 2 spell levels left.
You didn't know any spells.
Your spell library contained the following spells:

 Spells                   Type           Power      Damage    Failure   Level
 Animate Dead             Necr           0%         N/A       99%         4
 Haunt                    Necr/Summ      0%         N/A       100%        7
 Infestation              Necr           0%         N/A       100%        8


Dungeon Overview and Level Annotations

Branches:
Dungeon (2/15)

Altars:

Shops:
D:1 (   D:2 ==*[


Innate Abilities, Weirdness & Mutations

You have a pair of small horns on your head.


Message History

Found Ewuiroec's Armour Shoppe.
A gnoll is nearby!
A gnoll is nearby!
A gnoll is nearby!
An endoplasm and a gnoll come into view.
The endoplasm quivers.
The gnoll shouts!
You hear a shout!
A gnoll comes into view. It is wielding a +0 whip.
The gnoll shouts!
The endoplasm barely misses you. The endoplasm attacks as you move away!
You block the endoplasm's attack. The endoplasm attacks as you move away!
The endoplasm hits you but does no damage.
The endoplasm attacks as you move away! You block the endoplasm's attack.
The endoplasm attacks as you move away!
The endoplasm hits you but does no damage.
You hit the endoplasm.
The endoplasm is moderately wounded.
The endoplasm hits you but does no damage.
You hit the endoplasm.
You kill the endoplasm!
The gnoll misses you.
You hit the gnoll.
The gnoll is lightly wounded.
The gnoll completely misses you.
You hit the gnoll.
The gnoll is moderately wounded.
The gnoll barely misses you. The gnoll hits you with a +0 whip!
You closely miss the gnoll.
The gnoll is moderately wounded.
The gnoll hits you from afar with a +0 halberd!
Ouch! That really hurt!
* * * LOW HITPOINT WARNING * * *
You block the gnoll's attack.
You hit the gnoll.
The gnoll is poisoned.
You headbutt the gnoll.
The gnoll is severely wounded.
You barely miss the gnoll.
The gnoll is severely wounded.
The gnoll hits you from afar with a +0 halberd!
You die...

...####### .........##
##.####...## #.###.###.##
###### #.##.## ##.#
###....# ##....# #.#
#......# .⌠.##.## ##.#
#.#.#..#
∩..###.###.[#######......#
.⌠.# ##...#.....@ggg#.#..#
##.# ##.....######......#
...# #####.# ####.#..##
.### #.# .........g# .#
#.# #####.###.####### .
#.# #.....g.....# .. #.#
####........# . #.#
#.#...#..# . #..#.#...#


You could see 3 gnolls.

Vanquished Creatures
  Robin (D:2)
  4 ball pythons
  4 bats
  4 endoplasms (D:2)
  A giant cockroach (D:1)
  10 goblins
  9 hobgoblins
  6 kobolds
  A quokka (D:2)
  3 frilled lizards (D:1)
  4 rats
47 creatures vanquished.

Notes
Turn   | Place    | Note
-------+----------+-------------------------------------------
     0 | D:1      | Newt the Demonspawn Gladiator began the quest for the Orb.
     0 | D:1      | Reached XP level 1. HP: 16/16 MP: 1/1
   119 | D:1      | Found Vagah's Weapon Emporium.
   165 | D:1      | Reached skill level 2 in Throwing
   267 | D:1      | Reached skill level 1 in Stealth
   277 | D:1      | Gained mutation: You have a pair of small horns on your
                  | head. [demonic ancestry]
   277 | D:1      | Reached XP level 2. HP: 13/22 MP: 2/2
  1073 | D:2      | Identified the +2 robe "Earthly Heaven" {rC+ Dex+4 Stlth+}
  1211 | D:2      | Found Juraav's Assorted Antiques.
  1218 | D:2      | Bought an emerald potion for 19 gold pieces
  1218 | D:2      | Bought a sapphire potion for 19 gold pieces
  1278 | D:2      | Found Lumud's Jewellery Shoppe.
  1306 | D:2      | Noticed Robin
  1371 | D:2      | Reached XP level 3. HP: 27/27 MP: 3/3
  1400 | D:2      | Killed Robin
  1414 | D:2      | Reached skill level 3 in Throwing
  1597 | D:2      | Found Emeshoat's Jewellery Shop.
  1666 | D:2      | Found Ewuiroec's Armour Shoppe.
  1692 | D:2      | Slain by a gnoll

Illustrated notes

Levels and vault maps discovered:
D:1:      heliophobic_arrival_dark_side_of_the_moon, layout_loops_ring,
          serial_shops, shop
D:2:      layout_loops_ring, serial_glass, glass_columns_a, glass_columns_b,
          serial_shops, shop_fountains, nicolae_shop_overgrown_old_shop,
          nicolae_shop_advertising_works [nicolae_subvault_shop_adworks], shop,
          minmay_small_reverse_x, uniq_robin, uniq_crazy_yiuf_cottage

Skill      XL: |  1  2  3 |
---------------+----------+-----
Throwing       | 2 3 |  3.3
Stealth        | 1 2 |  2.0
Fighting       | |  2.0
Short Blades   | |  2.6
Dodging        | |  2.6

Action                   || total
-------------------------++-------
Melee: Rapier            ||    33
       Dagger            ||    70
       Headbutt          ||    12
 Stab: Distracted        ||     2
       Sleeping          ||     1
Armor: Leather armour    ||    17
       Robe              ||     9
Dodge: Dodged            ||    48
Block: Buckler           ||    20

Table legend: (Time is in decaauts)
 A = Elapsed time spent in this place.
 B = Non-inter-level travel time spent in this place.
 C = Inter-level travel time spent in this place.
 D = Time resting spent in this place.
 E = Time spent auto-exploring this place.
 F = Levels seen in this place.
 G = Mean time per level.
                   A        B        C        D        E       F      G
               +--------+--------+--------+--------+--------+-----+--------+
         Total |   1690 |   1662 |     28 |      0 |   1330 |   2 |  845.0 |
       Dungeon |   1690 |   1662 |     28 |      0 |   1330 |   2 |  845.0 |
               +--------+--------+--------+--------+--------+-----+--------+

Top non-repeatable levels by time:
     D:1: 999 daAuts
     D:2: 690 daAuts
